Map: [ESL] Royal Blood

Players

ShoWTimE - Winner!

  • Race: Protoss Protoss

Astrea

  • Race: Protoss Protoss
  • League: Diamond

Event: IEM Katowice 2023

VOD

Have the link to the VOD?

Description

Time

  • Played on: Feb. 11, 2023, 6:11 a.m.
  • Length: 9:14

All games in this series

Show
View Real Time Build Order
Export as new Build Order

ShoWTimE Protoss - Winner!

Build Orders: Phoenix Opening, Blink Stalkers 

Get SALT Encoding   

  12  0:00  Probe  
  13  0:12  Probe  
  14  0:17  Pylon  
  14  0:24  Probe (Chrono Boost)  
  15  0:36  Gateway, Probe (Chrono Boost)  
  16  0:44  Probe (Chrono Boost)  
  16  0:46  Assimilator  
  17  0:51  Probe  
  18  0:59  Assimilator  
  18  1:03  Probe (Chrono Boost)  
  19  1:08  Gateway  
  19  1:13  Probe (Chrono Boost)  
  19  1:17  Probe (Chrono Boost)  
  20  1:24  Cybernetics Core  
  21  1:29  Probe  
  22  1:37  Pylon  
  22  1:41  Probe  
  23  1:55  Probe  
  23  1:59  Warp Gate (Chrono Boost)  
  23  2:00  Sentry, Stalker  
  28  2:07  Probe  
  29  2:13  Pylon  
  29  2:24  Stalker  
  31  2:31  Twilight Council, Phoenix  
  31  3:02  Nexus  
  31  3:04  Probe  
  32  3:07  Blink (Chrono Boost)  
  31  3:17  Probe (Chrono Boost)  
  32  3:21  Pylon  
  32  3:29  Probe (Chrono Boost)  
  33  3:36  Probe (Chrono Boost)  
  34  3:43  Probe  
  35  3:54  Nexus  
  35  3:56  Probe  
  36  4:08  Sentry  
  36  4:09  Probe (Chrono Boost)  
  39  4:10  Stalker  
  39  4:14  Probe (Chrono Boost)  
  44  4:26  Probe x2 (Chrono Boost)  
  44  4:30  Probe (Chrono Boost)  
  44  4:32  Probe (Chrono Boost)  
  44  4:34  Stalker  
  44  4:37  Stalker  
  50  4:40  Probe  
  50  4:44  Probe  
  52  4:49  Pylon  
  52  4:54  Gateway  
  52  4:59  Shield Battery  
  50  5:00  Stalker x2  
  54  5:07  Gateway  
  54  5:12  Pylon  
  54  5:21  Probe x2  
  56  5:25  Sentry, Stalker  
  58  5:28  Shield Battery  
  58  5:33  Gateway, Probe x2  
  60  5:39  Phoenix  
  60  5:44  Probe  
  60  5:49  Stalker x3  
  67  5:51  Probe  
  69  5:57  Probe  
  69  5:58  Pylon  
  69  6:02  Assimilator  
  69  6:09  Nexus  
  69  6:13  Probe  
  69  6:14  Pylon  
  69  6:15  Probe  
  69  6:29  Stalker x3  
  69  6:30  Charge (Chrono Boost), Stalker  
  69  6:31  Probe  
  72  6:33  Probe  
  73  6:40  Stalker, Phoenix  
  75  6:49  Shield Battery, Gateway  
  75  6:54  Stalker  
  75  6:56  Stalker  
  75  7:00  Probe x2  
  79  7:11  Gateway  
  79  7:12  Gateway, Probe  
  80  7:17  Zealot x2  
  80  7:20  Probe  
  80  7:22  Probe  
  86  7:24  Probe  
  87  7:32  Shield Battery  
  87  7:37  Stalker x3  
  87  7:42  Shield Battery, Pylon  
  93  7:46  Stalker  
  93  7:49  Stalker  
  97  7:54  Pylon  
  97  7:58  Stalker  
  99  8:01  Stalker  
  101  8:12  Stalker x3  
  99  8:15  Stalker  
  101  8:22  Stalker  
  101  8:23  Shield Battery  
  101  8:24  Stalker  
  105  8:31  Zealot x2  
  87  8:42  Zealot x4  
  87  8:50  Probe x3  
  87  8:52  Stalker  
  92  8:57  Robotics Facility  
  92  8:58  Stalker  
  92  9:02  Probe, Stalker  
  97  9:07  Zealot  
Show
View Real Time Build Order
Export as new Build Order

Astrea Protoss 

Build Orders: Phoenix Opening, Zealot Archon 

Get SALT Encoding   

  12  0:00  Probe  
  13  0:12  Probe  
  14  0:16  Pylon  
  14  0:24  Probe (Chrono Boost)  
  16  0:36  Gateway, Probe (Chrono Boost)  
  16  0:42  Probe (Chrono Boost)  
  16  0:46  Assimilator  
  17  0:51  Probe  
  17  0:54  Assimilator  
  18  1:03  Probe (Chrono Boost)  
  19  1:07  Gateway  
  20  1:12  Probe (Chrono Boost)  
  20  1:17  Probe (Chrono Boost)  
  20  1:25  Cybernetics Core  
  21  1:29  Probe  
  22  1:35  Pylon  
  22  1:41  Probe  
  23  1:53  Probe  
  24  2:01  Adept, Warp Gate  
  24  2:05  Probe  
  24  2:06  Sentry  
  29  2:11  Pylon  
  29  2:24  Pylon  
  33  2:43  Nexus  
  31  2:45  Shield Battery  
  31  2:46  Sentry  
  31  2:48  Probe (Chrono Boost)  
  31  2:49  Sentry  
  34  3:00  Probe (Chrono Boost)  
  35  3:08  Probe (Chrono Boost)  
  35  3:10  Robotics Facility  
  34  3:14  Probe  
  34  3:15  Stalker  
  37  3:22  Pylon  
  37  3:26  Probe  
  38  3:30  Phoenix  
  38  3:38  Probe (Chrono Boost)  
  39  3:48  Probe (Chrono Boost)  
  40  3:51  Stalker  
  40  3:54  Stalker  
  45  3:58  Immortal (Chrono Boost)  
  45  4:02  Probe  
  49  4:05  Probe  
  50  4:14  Probe  
  51  4:20  Stalker x2  
  56  4:27  Probe  
  56  4:28  Warp Prism (Chrono Boost)  
  58  4:32  Probe  
  58  4:35  Immortal (Chrono Boost)  
  59  4:39  Probe  
  59  4:40  Pylon  
  59  4:44  Probe  
  61  4:51  Probe  
  60  4:54  Pylon  
  60  4:57  Observer  
  60  4:59  Probe  
  62  5:04  Probe  
  62  5:05  Assimilator  
  62  5:06  Assimilator  
  63  5:08  Forge  
  63  5:09  Twilight Council  
  63  5:12  Probe  
  64  5:15  Pylon, Adept  
  64  5:16  Adept  
  64  5:21  Probe  
  69  5:28  Probe  
  70  5:33  Probe  
  71  5:39  Immortal  
  71  5:42  Protoss Ground Weapons Level 1 (Chrono Boost)  
  73  5:44  Stalker x2  
  77  5:55  Gateway  
  77  5:56  Gateway  
  77  6:01  Charge  
  77  6:03  Gateway  
  77  6:16  Stalker x2  
  79  6:26  Warp Prism  
  79  6:35  Templar Archives  
  79  6:36  Gateway  
  79  6:39  Pylon  
  79  6:47  Pylon, Observer  
  79  6:52  Zealot x3  
  85  6:55  Pylon  
  83  7:04  Nexus  
  83  7:06  Observer (Chrono Boost)  
  82  7:12  High Templar  
  82  7:13  High Templar, Zealot x2  
  90  7:17  Archon  
  90  7:22  Pylon, Zealot  
  92  7:38  Zealot x2  
  92  7:39  Zealot  
  92  7:42  Pylon  
  98  7:52  Archon  
  98  7:56  Zealot x3  
  100  7:59  Zealot x3  
  92  8:19  Zealot x3  
  92  8:20  Zealot x3  
  92  8:21  Probe  
  92  8:22  Probe  
  98  8:30  Probe  
  75  8:42  Zealot x4  
  75  8:55  Shield Battery  
  71  8:56  High Templar x2  
  71  9:00  Archon  
  75  9:05  High Templar x4  
  75  9:09  Archon  
  83  9:10  Archon  

Tags
 
Add a new tag
Caveats
  • Supply blocks, unpowered buildings, or Contaminate may cause inaccurate times.
  • Supply counts are checked every 10 seconds.